 Dungeon Crawl Stone Soup version 0.24.0-13-gcf9b319 (webtiles) character file.

Game seed: 12649174540326661595, levelgen mode: deterministic

5628 Fortress the Archer (level 10, -2/90 HPs)
             Began as a Centaur Hunter on Jan 3, 2020.
             Was a Priest of Makhleb.
             Slain by a polar bear (16 damage)
             ... on level 9 of the Dungeon on Jan 4, 2020.
             The game lasted 01:18:33 (10512 turns).

Fortress the Archer (Centaur Hunter)               Turns: 10512, Time: 01:18:33

Health: -2/90      AC: 15    Str: 18    XL:     10   Next: 46%
Magic:  14/14      EV:  8    Int: 10    God:    Makhleb [***...]
Gold:   464        SH:  0    Dex: 10    Spells: 9/9 levels left

rFire    + . .     SeeInvis .   b - +2 dagger (venom)
rCold    . . .     Gourm    .   (no shield)
rNeg     . . .     Faith    .   y - +1 scale mail {rPois}
rPois    +         Spirit   .   m - +4 helmet "Basipergh" {rPois Regen+ rCorr Stlth-}
rElec    .         Reflect  .   R - +2 cloak
rCorr    +         Harm     .   (no gloves)
MR       .....                  (no barding)
Stlth    ..........             (no amulet)
HPRegen  0.65/turn              j - ring of protection from fire
MPRegen  0.14/turn              (no ring)

@: very quick
A: large, hooves 3, deformed body, speed 2, tough skin 3
a: Minor Destruction, Lesser Servant of Makhleb, Renounce Religion


You were on level 9 of the Dungeon.
You worshipped Makhleb.
Makhleb was most pleased with you.
You were very hungry.

You visited 2 branches of the dungeon, and saw 10 of its levels.
You also visited: Ossuary.

You collected 464 gold pieces.

Inventory:

Hand Weapons
 a - a +1 shortbow
 b - a +2 dagger of venom (weapon)
 w - a +0 flail of crushing
 G - a +5 short sword
Missiles
 A - 40 sling bullets
 B - 12 arrows
 N - 4 atropa-tipped darts (quivered)
Armour
 m - the +4 helmet "Basipergh" (worn) {rPois Regen+ rCorr Stlth-}
   (You took it off Robin on level 4 of the Dungeon)

   It protects you from poison.
   It increases your rate of regeneration.
   It provides partial protection from all sources of acid and corrosion.
   It makes you less stealthy.
 y - a +1 scale mail of poison resistance (worn)
 R - a +2 cloak (worn)
Magical Staves
 M - an uncursed staff of air
Jewellery
 i - an uncursed ring of fire
 j - a ring of protection from fire (left hand)
 k - an uncursed ring of wizardry
 L - an uncursed ring of stealth
Wands
 d - a wand of random effects (12)
 h - a wand of disintegration (21)
 x - a wand of acid (11)
 F - a wand of iceblast (6)
 J - a wand of clouds (6)
 P - a wand of paralysis (10)
Scrolls
 e - 9 scrolls of teleportation
 l - 2 scrolls of identify
 q - 11 scrolls of remove curse
 s - 3 scrolls of blinking {unknown}
 t - a scroll of fear {unknown}
 v - a scroll of immolation {unknown}
 z - 2 scrolls of amnesia {unknown}
 C - 2 scrolls of enchant weapon {unknown}
 D - a scroll of silence {unknown}
 I - a scroll of magic mapping
 O - a scroll of summoning {unknown}
Potions
 c - 2 potions of invisibility
 g - a potion of magic {unknown}
 n - 2 potions of brilliance
 o - a potion of resistance {unknown}
 p - 2 potions of lignification {unknown}
 r - a potion of degeneration {unknown}
 u - 5 potions of curing
 E - 2 potions of cancellation {unknown}
 H - 2 potions of haste {unknown}
 K - a potion of flight {unknown}
 Q - a potion of berserk rage
Comestibles
 f - 14 rations


   Skills:
 + Level 8.4 Fighting
 * Level 6.6 Short Blades
 - Level 12.9 Bows
 - Level 1.8 Dodging
 - Level 0.4 Stealth
 * Level 6.3 Invocations


You had 9 spell levels left.
You didn't know any spells.
Your spell library contained the following spells:

 Spells                   Type           Power        Failure   Level  Hunger
 Magic Dart               Conj           #...         78%         1    ##.....
 Sandblast                Erth           #.....       78%         1    ##.....
 Blink                    Tloc           N/A          89%         2    ###....
 Call Imp                 Summ           #.......     89%         2    ###....
 Passwall                 Tmut/Erth      #.......     89%         2    ###....
 Slow                     Hex            #.......     89%         2    ###....
 Conjure Flame            Conj/Fire      #.......     98%         3    ####...
 Mephitic Cloud           Conj/Pois/Air  #.......     98%         3    ####...
 Stone Arrow              Conj/Erth      #.....       98%         3    ####...
 Petrify                  Tmut/Erth      #.......     100%        4    #####..
 Lee's Rapid Deconstruct  Erth           #.........   100%        5    ######.


Dungeon Overview and Level Annotations

Branches:
Dungeon (9/15)             Temple (1/1) D:7             Orc (0/2) D:9
Ossuary (visited)
   Lair: D:8-11

Altars:
Ashenzari
Cheibriados
Dithmenos
Elyvilon
Fedhas
Gozag
Hepliaklqana
Kikubaaqudgha
Makhleb
Nemelex Xobeh
Okawaru
Qazlal
Ru
Sif Muna
Trog
Uskayaw
Vehumet
Wu Jian
Xom
Yredelemnul
Zin
The Shining One

Annotations:
D:7 3 runed translucent doors, Fang's ghost, novice GrFi


Innate Abilities, Weirdness & Mutations

You have hooves in place of feet.
Armour fits poorly on your strangely shaped body.
You cover ground very quickly.
You have extremely tough skin. (AC +3)


Message History

Your smoke demon barely misses the polar bear. x2
The polar bear bites your smoke demon!
The polar bear claws your smoke demon but does no damage. x2
Your smoke demon barely misses the polar bear.
Your smoke demon hits the polar bear but does no damage.
Your smoke demon hits the polar bear.
The polar bear closely misses your smoke demon.
The polar bear misses your smoke demon. The polar bear claws your smoke demon.
The polar bear bites your smoke demon!!
Your smoke demon dies!
The polar bear bites you!!
* * * LOW HITPOINT WARNING * * *
The polar bear claws you but does no damage.
The polar bear claws you.
* * * LOW HITPOINT WARNING * * *
You barely miss the polar bear.
You kick the polar bear, but do no damage.
The polar bear is almost dead.
The polar bear bites you!
You die...

..## ... . #..# ..
.(.#... .....# .(.....
....# #.. ..... ∩ #...#
#.#####Z.#.... ###.>.#
#.#..@h5...... .....#
#.#.####....#. #...#
#.#<# #.<..#
#...####.#.##.. .....
#####...#.......#.#..#...
.))))........)..#.#... ..
..).....†............. .
......................
#####...#...##........


You could see a polar bear (berserk), a white imp and a bullfrog skeleton.

Vanquished Creatures
  A troll (D:8)
  A harpy skeleton (D:8)
  2 wraiths (Ossuary)
  Eustachio (D:6)
  4 hogs (D:7)
  A hungry ghost (D:7)
  A human (D:7)
  Menkaure (D:7)
  An ice beast (D:8)
  4 orc warriors
  A phantom (D:8)
  A wolf (D:9)
  2 ogres
  2 big kobolds
  6 bullfrogs
  A water moccasin zombie (D:6)
  5 scorpions
  3 killer bees (D:8)
  8 wights
  3 howler monkeys (D:7)
  An electric eel (D:9)
  A bullfrog zombie (D:6)
  4 crimson imps
  3 hounds
  A jelly (D:5)
  8 orc priests
  13 orc wizards
  Ijyb (D:3)
  10 worker ants
  A killer bee zombie (D:6)
  A hound zombie (D:6)
  2 hound skeletons
  A mummy (D:6)
  A worker ant zombie (D:8)
  Robin (D:4)
  7 gnolls
  5 adders
  3 shadow imps
  3 white imps (D:9)
  2 adder zombies (Ossuary)
  2 adder skeletons
  2 worms
  3 dart slugs
  An adder simulacrum (D:9)
  6 leopard geckos
  39 orcs
  A ball python (D:3)
  6 giant cockroaches
  15 goblins
  9 hobgoblins
  7 jackals
  26 kobolds
  A quokka (D:4)
  3 ball python skeletons (Ossuary)
  3 bats
  10 frilled lizards (D:3)
  A giant cockroach zombie (D:6)
  A leopard gecko skeleton (D:8)
  An orc skeleton (Ossuary)
  An orc zombie (Ossuary)
  2 quokka skeletons (D:4)
  A quokka zombie (D:5)
  6 rats
  A plant (D:3)
266 creatures vanquished.

Vanquished Creatures (others)
  A plant (D:3)
1 creature vanquished.

Grand Total: 267 creatures vanquished

Notes
Turn   | Place    | Note
-------+----------+-------------------------------------------
     0 | D:1      | Fortress the Centaur Hunter began the quest for the Orb.
     0 | D:1      | Reached XP level 1. HP: 17/17 MP: 1/1
   441 | D:1      | Reached skill level 6 in Bows
   441 | D:1      | Reached XP level 2. HP: 24/24 MP: 2/2
   619 | D:1      | You fall into a shaft and drop 1 floor!
  1154 | D:2      | Reached XP level 3. HP: 29/29 MP: 3/3
  1227 | D:2      | Found a shattered altar of Ashenzari.
  1256 | D:2      | Reached skill level 7 in Bows
  1646 | D:2      | Reached XP level 4. HP: 27/37 MP: 4/4
  2452 | D:3      | Noticed Ijyb
  2471 | D:3      | Killed Ijyb
  2575 | D:3      | Found a shimmering altar of Xom.
  2831 | D:3      | Reached XP level 5. HP: 44/44 MP: 5/5
  3020 | D:3      | Reached skill level 8 in Bows
  3096 | D:4      | Identified the +4 helmet "Basipergh" {rPois Regen+ rCorr
                  | Stlth-}
  3096 | D:4      | Noticed Robin
  3772 | D:4      | Reached XP level 6. HP: 51/51 MP: 6/6
  3778 | D:4      | Killed Robin
  3898 | D:4      | Reached skill level 9 in Bows
  3976 | D:4      | Found a blossoming altar of Fedhas.
  4103 | D:4      | Reached XP level 7. HP: 14/58 MP: 7/7
  4261 | D:4      | Reached skill level 10 in Bows
  4470 | D:5      | Entered Level 5 of the Dungeon
  4752 | D:5      | Found a burning altar of Makhleb.
  4933 | D:5      | Reached skill level 11 in Bows
  5327 | D:5      | Found a radiant altar of Vehumet.
  5330 | D:5      | Found a shimmering blue altar of Sif Muna.
  5385 | D:5      | Became a worshipper of Makhleb the Destroyer
  5451 | D:6      | Found a sand-covered staircase.
  5470 | Ossuary  | Entered an ossuary
  5584 | Ossuary  | Reached skill level 1 in Invocations
  5584 | Ossuary  | Reached XP level 8. HP: 33/67 MP: 8/8
  5693 | Ossuary  | Noticed a flying skull
  5731 | Ossuary  | Noticed a flying skull
  5736 | Ossuary  | Noticed a flying skull
  5757 | Ossuary  | Reached skill level 5 in Fighting
  5881 | Ossuary  | Reached skill level 12 in Bows
  5938 | Ossuary  | Noticed a flying skull
  6212 | D:6      | Reached * piety under Makhleb
  6314 | D:6      | Noticed Eustachio
  6339 | D:6      | Killed Eustachio
  6467 | D:6      | Reached XP level 9. HP: 75/75 MP: 11/11
  7253 | D:7      | Reached skill level 1 in Short Blades
  7396 | D:7      | Noticed a red ugly thing
  7401 | D:7      | Found a runed translucent gate.
  7401 | D:7      | Noticed Fang's ghost (novice GrFi)
  7402 | D:7      | Found a runed translucent gate.
  7407 | D:7      | Found a runed translucent gate.
  7410 | D:7      | Found a staircase to the Ecumenical Temple.
  7412 | D:7      | Found a basalt altar of Yredelemnul.
  7468 | Temple   | Entered the Ecumenical Temple
  7730 | D:7      | Reached ** piety under Makhleb
  8117 | D:7      | Found a shimmering altar of Xom.
  8136 | D:7      | Reached skill level 5 in Invocations
  8188 | D:7      | Found a white marble altar of Elyvilon.
  8209 | D:7      | Noticed Menkaure
  8215 | D:7      | Killed Menkaure
  8242 | D:7      | Found a glowing golden altar of the Shining One.
  8319 | D:7      | Reached skill level 5 in Short Blades
  8342 | D:7      | Found a glowing silver altar of Zin.
  8342 | D:7      | Noticed an angel
  8892 | D:8      | Reached *** piety under Makhleb
  8892 | D:8      | Reached XP level 10. HP: 83/88 MP: 13/13
  8944 | D:8      | HP: 4/88 [troll (1)]
  9501 | D:8      | Found an ancient bone altar of Kikubaaqudgha.
  9501 | D:8      | Found a blossoming altar of Fedhas.
  9962 | D:9      | Found a staircase to the Orcish Mines.
 10238 | D:9      | Found a bloodstained altar of Trog.
 10238 | D:9      | Found an iron altar of Okawaru.
 10512 | D:9      | Slain by a polar bear

Levels and vault maps discovered:
D:1:      mainiacjoe_arrival_reflecting_pool, layout_loops_corners
D:2:      layout_rooms, ashenzari_altar_1, first_ration, serial_curves,
          eino_curves_03, eino_curves_03, eino_curves_01, eino_curves_04,
          kennysheep_generic_room_12
D:3:      layout_rooms, nicolae_overflow_crystal_walls, minmay_lizard_king,
          uniq_ijyb
D:4:      layout_rooms, fedhas_altar_4, uniq_robin
D:5:      layout_basic, makhleb_heckhound_becter, minitemple
D:6:      layout_layer_cave, gup_ossuary_entry_pyramid, uniq_eustachio
D:7:      layout_cave_pools, yredelemnul_altar_generic,
          nicolae_overflow_hidden_temple, lemuel_doored_altar, zin_angel,
          minmay_temple_entry_ruins, basic_altar, gammafunk_ghost_split,
          grunt_livestock, grunt_decor_arrowhead, uniq_menkaure
D:8:      layout_loops_ring, grunt_temple_overflow_growth_and_decay
D:9:      layout_loops_cross, grunt_temple_overflow_bloody_war, orc_0_dummy,
          serial_ice, serial_ice_e, serial_ice_h, serial_ice_l, serial_ice_b,
          abandoned_shop, minmay_holes
Temple:   grunt_temple_mini_profane

Skill      XL: |  1  2  3  4  5  6  7  8  9 10 |
---------------+-------------------------------+-----
Bows           | 6 7 8 9 11 12 | 12.9
Fighting       | 3 4 6 7 8 |  8.4
Invocations    | 1 3 5 6 |  6.3
Short Blades   | 5 6 |  6.6
Dodging        | |  1.8
Stealth        | |  0.4

Action                   |  1- 3 |  4- 6 |  7- 9 | 10-12 || total
-------------------------+-------+-------+-------+-------++-------
Melee: Dagger            |     1 |    58 |   428 |   146 ||   633
       Kick              |       |    11 |   105 |    35 ||   151
 Fire: Shortbow          |    88 |   188 |   191 |   113 ||   580
Throw: Dart              |       |     8 |     4 |    10 ||    22
Invok: Minor Destruction |       |       |     6 |    10 ||    16
       Lesser Servant of |       |       |       |     1 ||     1
  Use: Scroll            |       |     6 |     5 |     3 ||    14
       Potion            |       |       |     4 |     2 ||     6
  Eat: Ration            |       |     2 |     3 |       ||     5
       Chunk             |       |     2 |     2 |     3 ||     7
Armor: Leather armour    |     6 |    19 |       |       ||    25
       Scale mail        |       |    49 |   233 |   102 ||   384
Dodge: Dodged            |    14 |    49 |   154 |    73 ||   290
